Cogmind - Beta 17.1 @@@ ROGUE MODE // 2026.09.10 @ 00:31:11 Player: poison Result: Destroyed by S-27 Virus with Autogun Performance ------------- Evolutions (3) 1500 Regions Visited (4) 800 Robots Destroyed (50) 250 Value Destroyed (1337) 1337 Prototype IDs (9) 180 Alien Tech Used (0) 0 Bonus (0) 0 TOTAL SCORE: 4067 Bonus ------- None Cogmind --------- Core Integrity 0/700 Matter 247/300 Energy 6/100 System Corruption 2% Temperature Cool (0) Movement Rolling (100) Location -7/Factory Parts ------- > --- POWER (1) -------- (None) > --- PROPULSION (4) --- Armored Huge Wheel Armored Huge Wheel > --- UTILITY (6) ------ Advanced Visual Processing Unit Improved Signal Interpreter Component Analysis Suite > --- WEAPON (2) ------- Field Laser Field Laser > --- INVENTORY (5) ---- Improved Sensor Array Improved Signal Interpreter Weapon Cycler Remote Datajack Peak State ------------ > --- POWER ------------ Cooled Ion Engine > --- PROPULSION ------- VTOL Module Cesium-ion Thruster Cesium-ion Thruster Improved VTOL Module > --- UTILITY ---------- Visual Processing Unit Improved Sensor Array Improved Signal Interpreter Improved Terrain Scanner Hacking Suite Component Analysis Suite > --- WEAPON ----------- Improved EM Shotgun Advanced Beam Rifle > --- INVENTORY -------- Improved Sensor Array Improved Signal Interpreter Weapon Cycler Improved Datajack [Rating: 41] Favorites ----------- Power Heavy Ion Engine Engine Heavy Ion Engine Power Core Nuclear Core Propulsion Aluminum Leg Leg Aluminum Leg Wheel Armored Huge Wheel Hover Unit Gravmag System Flight Unit Cesium-ion Thruster Utility Visual Processing Unit Device Improved Sensor Array Processor Visual Processing Unit Hackware Hacking Suite Weapon Light Cannon Energy Gun Gatling Laser Energy Cannon Heavy Particle Cannon Ballistic Gun Heavy Assault Rifle Ballistic Cannon Light Cannon Special Melee Weapon Improved Datajack Build | -11 -10 -9 -8 -7 ------- Run | Yrd Mat Mat Mat Fac Slots Evolved 6 | . . 2 2 2 Power . | . . . . . Propulsion 2 | . . 1 1 . Utility 4 | . . 1 1 2 Weapon . | . . . . . Parts Attached 52 | 6 4 7 23 12 Power 5 | 2 . 1 2 . Engine 4 | 2 . 1 1 . Core 1 | . . . 1 . Reactor . | . . . . . Propulsion 14 | 2 . 2 7 3 Treads . | . . . . . Leg 5 | 2 . 2 1 . Wheel 2 | . . . . 2 Hover 1 | . . . . 1 Flight 6 | . . . 6 . Utility 14 | . 2 1 5 6 Device 9 | . 1 . 4 4 Storage . | . . . . . Processor 4 | . 1 1 1 1 Hackware 1 | . . . . 1 Protection . | . . . . . Artifact . | . . . . . Weapon 19 | 2 2 3 9 3 Energy Gun 10 | . . 1 6 3 Energy Cannon 1 | . . . 1 . Ballistic Gun 5 | 2 . 2 1 . Ballistic Cannon 2 | . 2 . . . Launcher . | . . . . . Special Weapon . | . . . . . Impact Weapon . | . . . . . Slashing Weapon . | . . . . . Piercing Weapon . | . . . . . Special Melee Weapon 1 | . . . 1 . Unidentified Prototypes 6 | . . 1 4 1 Parts Lost 15 | . . . 4 11 Power 1 | . . . . 1 Propulsion 4 | . . . 1 3 Utility 7 | . . . 2 5 Weapon 3 | . . . 1 2 Highest Loss Streak 6 | . . . 1 6 To Critical Strikes . | . . . . . Average Backups 3 | . 3 3 4 3 Power . | . . . . . Propulsion . | . . . 1 . Utility 1 | . 1 2 1 2 Weapon . | . 1 1 1 . Tool/Special . | . . . . . Unused Backups 13 | . . 3 2 8 Power . | . . . . . Propulsion 3 | . . . . 3 Utility 6 | . . 1 1 4 Weapon 3 | . . 2 1 . Tool/Special 1 | . . . . 1 Average Slot Usage (%) 88 | . 87 99 88 83 Engine 8 | . 14 11 5 6 Core 1 | . . . 3 . Leg 17 | . 28 33 18 . Flight 9 | . . . 10 20 Device 15 | . 7 11 16 20 Processor 16 | . 8 21 18 15 Hackware 1 | . . . . 5 Energy Gun 7 | . . 4 9 11 Ballistic Gun 4 | . 7 10 4 . Ballistic Cannon 4 | . 20 6 . . Peak Build Rating 41 | 5 7 14 34 41 Average Rating 20 | 3 6 12 21 33 On Entrance 12 | . 5 7 14 34 Avg Prop Armor Cover (%) . | . . . . . Naked Turns . | . . . . . Heaviest Build 20 | 9 12 15 20 17 Greatest Support 56 | 20 20 30 30 56 Greatest Overweight (x) 5 | . . . 5 2 Average Overweight (x) . | . . . . . Largest Inventory Capacity 5 | 5 5 5 5 5 Average Capacity 5 | 5 5 5 5 5 Most Carried 5 | 2 5 5 5 5 Average Carried 3 | . 3 3 4 3 Final Capacity 5 | 5 5 5 5 5 Final Carried 5 | 1 5 3 5 4 Class Distribution -------------------- 44% | Skirmisher 27% | Mutant 23% | Scout 4% | Assassin Dominant Class ---------------- Mutant | -10/Materials Skirmisher | -9/Materials Skirmisher | -8/Materials Scout | -7/Factory Resources | -11 -10 -9 -8 -7 ----------- Run | Yrd Mat Mat Mat Fac Matter Collected 949 | 202 78 208 425 36 Remotely . | . . . . . Salvage Created 1766 | 32 116 361 703 554 Parts 102 | 3 8 15 51 25 Haulers Intercepted 4 | . . . 3 1 Recyclers Shooed 5 | . . 2 1 2 Parts Field Recycled . | . . . . . Retrieved Matter . | . . . . . Parts Self-Destructed . | . . . . . Prevented . | . . . . . Parts Restored . | . . . . . Kills | -11 -10 -9 -8 -7 ------- Run | Yrd Mat Mat Mat Fac Combat Hostiles Destroyed 34 | 1 6 5 14 8 Guns 20 | 1 . 2 10 7 Cannons 13 | . 6 3 4 . AOE 1 | . . . . 1 Classes Destroyed 10 | 1 1 2 5 1 Worker 3 | . . . 2 1 Builder 3 | . . . 3 . Hauler 4 | . . . 3 1 Recycler 3 | . . 1 1 1 Watcher 3 | . . . 2 1 Swarmer 10 | . 3 . 7 . Grunt 19 | 1 3 4 6 5 Duelist 1 | . . . 1 . Sentry 2 | . . 1 . 1 Programmer 2 | . . . . 2 Best Kill Streak 6 | 1 3 3 4 6 Combat Bots Only 4 | 1 3 2 4 3 Max Kills in Single Turn 3 | 1 1 1 2 3 Gunslinging . | . . . . . Exploded 1 | . . . . 1 Melee . | . . . . . Uniques/NPCs Destroyed . | . . . . . Combat | -11 -10 -9 -8 -7 -------- Run | Yrd Mat Mat Mat Fac Hostile Shots Fired 339 | 3 28 26 96 186 Missed 121 | 2 10 5 32 72 Hits 218 | 1 18 21 64 114 Melee 2 | . . . 2 . Projectile 216 | 1 18 21 62 114 Critical Strikes 5 | . 1 . 1 3 Part Disruptions 1 | . . . . 1 Damage Taken 2831 | 11 169 265 705 1681 Core 1033 | 11 61 88 162 711 Absorbed by Shields 28 | . . . . 28 Regen/Repaired (Parts) 67 | . 19 . . 48 Core Remaining (%) 78 | 95 71 78 70 . Volleys Fired 134 | 3 13 23 60 35 Largest 2 | 2 2 2 2 2 Hottest 160 | 40 60 95 160 126 Shots Fired 245 | 6 26 46 114 53 Gun 180 | 6 . 32 89 53 Cannon 65 | . 26 14 25 . Launcher . | . . . . . Special . | . . . . . Kinetic 93 | 6 26 32 29 . Thermal 126 | . . 14 76 36 Explosive . | . . . . . Electromagnetic 26 | . . . 9 17 Robot Hit Streak 16 | 4 11 11 16 10 Robot Miss Streak 10 | 1 3 2 10 2 Penetration Max . | . . . . . Secondary Targets 2 | . . . 2 . Max Gunslinging Chain 1 | . . . 1 . Shots Hit Robots 158 | 4 16 28 72 38 Core Hits 91 | 2 7 12 48 22 Critical Kills . | . . . . . Critical Parts Destroyed . | . . . . . Critical Strikes 5 | . 1 1 . 3 Burn 4 | . . 1 . 3 Blast 1 | . 1 . . . Melee Attacks 1 | . . . 1 . Impact . | . . . . . Slashing . | . . . . . Piercing . | . . . . . Sneak Attacks 1 | . . . 1 . Combat Hostiles . | . . . . . Follow-up Attacks . | . . . . . Damage Inflicted 3248 | 60 272 465 1409 1042 Guns 2373 | 57 . 302 1183 831 Cannons 616 | . 262 154 200 . Explosions 198 | . . . . 198 Melee . | . . . . . Ramming 61 | 3 10 9 26 13 Kinetic 919 | 57 262 351 249 . Thermal 1931 | . . 105 1086 740 Explosive . | . . . . . Electromagnetic 337 | . . . 48 289 Impact . | . . . . . Slashing . | . . . . . Piercing . | . . . . . Highest Corruption 2 | . . . . 2 Average Corruption 1 | . . . . 1 Corruption Purged . | . . . . . Corruption Blocked . | . . . . . Effects 1 | . . . . 1 Data Loss (major) 1 | . . . . 1 Overload Shots . | . . . . . Overflow Damage 64 | . . 6 2 56 Projectiles 8 | . . 6 2 . Explosions 56 | . . . . 56 Melee . | . . . . . Knockbacks 9 | . 4 5 . . Impact 1 | . . 1 . . Kinetic 7 | . 4 3 . . Secondary 1 | . . 1 . . Self-Inflicted Damage 57 | . . . 1 56 Shots 1 | . . . . 1 Rammed 7 | . . . 2 5 Targets Rammed 17 | 1 1 2 8 5 Kicked 10 | 1 1 2 6 . Crushed . | . . . . . Highest Temperature 526 | . 36 204 526 198 Average Temperature 110 | . 31 61 141 54 Received Heat Transfer 636 | 6 51 111 189 279 Effects 7 | . . . 7 . Interference 7 | . . . 7 . Siege Activations . | . . . . . Martial Activations . | . . . . . Shielding Activations . | . . . . . Robots Disrupted . | . . . . . Combat Hostiles . | . . . . . Robots Corrupted . | . . . . . Combat Hostiles . | . . . . . Parts Fried . | . . . . . Impact Corruptions . | . . . . . Robots Melted . | . . . . . Combat Hostiles . | . . . . . Parts Melted 10 | . . . 6 4 Heat Transferred 4066 | . . 333 2296 1437 Parts Sabotaged . | . . . . . Parts Stolen . | . . . . . Parts Stripped . | . . . . . Power Chain Reactions 2 | . . . . 2 Alert | -11 -10 -9 -8 -7 ------- Run | Yrd Mat Mat Mat Fac Maximum Alert Level . | . . . . . Low Security (%) 100 | 100 100 100 100 100 Level 1 . | . . . . . Level 2 . | . . . . . Level 3 . | . . . . . Level 4 . | . . . . . Level 5 . | . . . . . High Security . | . . . . . Max Security . | . . . . . Peak Influence 169 | 20 119 105 169 112 Initial 39 | . 6 39 14 38 Average 44 | 2 31 36 71 25 Influence Increases 1398 | 20 198 227 498 455 Destroy 0b10 Robot/C 680 | 20 120 100 280 160 Destroy 0b10 Robot/NC 95 | . . 20 55 20 Destroy Leader 164 | . 30 30 50 54 Successful Hack 42 | . . 16 8 18 Disable Machine 75 | . 15 . 45 15 Destroy Structure 27 | . 3 1 15 8 Partial Spotted 30 | . . 15 . 15 Lose Combat Pursuer 285 | . 30 45 45 165 Influence Decreases 1294 | 10 113 288 447 436 Entered New Map 127 | . 4 56 20 47 Time Decay 1004 | 10 109 202 387 296 Lost Part 133 | . . . 40 93 Purge Threat 30 | . . 30 . . Squads Dispatched 8 | . 1 2 1 4 Investigation 3 | . . 1 1 1 Extermination 1 | . . . . 1 Reinforcement 4 | . 1 1 . 2 Assault . | . . . . . Garrison . | . . . . . Intercept . | . . . . . Searches Triggered . | . . . . . Construction Impeded . | . . . . . Haulers Reinforced . | . . . . . Active Scanning Responses . | . . . . . Cargo Convoy Interrupts . | . . . . . Stealth | -11 -10 -9 -8 -7 --------- Run | Yrd Mat Mat Mat Fac Distress Signals 4 | . 1 1 1 1 Communications Jammed . | . . . . . Distress Signals . | . . . . . Times Spotted 74 | 1 9 9 24 31 Peak Tracking Total 15 | 1 3 4 5 15 Tactical Retreats 8 | . 1 2 1 4 Traps | -11 -10 -9 -8 -7 ------- Run | Yrd Mat Mat Mat Fac Traps Triggered 3 | . . . 1 2 Indirectly . | . . . . . Trap Hack Attempts . | . . . . . Triggered . | . . . . . Disarmed . | . . . . . Reprogrammed . | . . . . . Reused . | . . . . . Traps Extracted . | . . . . . Installed . | . . . . . Triggered . | . . . . . Machines | -11 -10 -9 -8 -7 ---------- Run | Yrd Mat Mat Mat Fac Machines Disabled 5 | . 1 . 3 1 Max in Single Turn 1 | . 1 . 1 1 Machines Repaired . | . . . . . Machines Dismantled . | . . . . . Machines Sabotaged . | . . . . . Overloaded Fab Kills . | . . . . . Hacking | -11 -10 -9 -8 -7 --------- Run | Yrd Mat Mat Mat Fac Machines Accessed 18 | . 3 3 5 7 Terminals 11 | . 1 3 5 2 Fabricators 1 | . . . . 1 Repair Stations 3 | . 1 . . 2 Recycling Units 2 | . 1 . . 1 Scanalyzers 1 | . . . . 1 Garrison Access . | . . . . . Total Hacks 45 | . 5 9 14 17 Successful 30 | . 4 6 10 10 Failed 15 | . 1 3 4 7 Catastrophic 3 | . 1 1 1 . Database Lockouts . | . . . . . Manual . | . . . . . Terminals 26 | . 1 9 14 2 Fabricators 1 | . . . . 1 Repair Stations 9 | . 2 . . 7 Recycling Units 4 | . 2 . . 2 Scanalyzers 5 | . . . . 5 Garrison Access . | . . . . . Terminal Hacks 17 | . . 6 10 1 Record 5 | . . . 5 . Prototype ID Bank 2 | . . 1 1 . Open DSF 1 | . . . . 1 Emergency Access Points 1 | . . . 1 . Alert Level 3 | . . 2 1 . Unreport Threat 1 | . . 1 . . Dispatch Records 1 | . . 1 . . Security Status 1 | . . 1 . . Recall Reinforcements 1 | . . . 1 . Hauler Manifests 1 | . . . 1 . Fabricator Hacks 1 | . . . . 1 Network Status 1 | . . . . 1 Repair Station Hacks 5 | . 2 . . 3 Scan Component 3 | . 1 . . 2 Repair 2 | . 1 . . 1 Recycling Unit Hacks 2 | . 2 . . . Report Inventory 1 | . 1 . . . Retrieve Components 1 | . 1 . . . Scanalyzer 5 | . . . . 5 Insert Component 1 | . . . . 1 Analyze 2 | . . . . 2 Retrieve Study 2 | . . . . 2 Garrison Access Hacks . | . . . . . Unauthorized Hacks . | . . . . . Terminals . | . . . . . Fabricators . | . . . . . Repair Stations . | . . . . . Recycling Units . | . . . . . Scanalyzers . | . . . . . Garrison Access . | . . . . . Data Cores Recovered . | . . . . . Used . | . . . . . Hacking Detections 13 | . 2 2 4 5 Full Trace Events 2 | . . 1 . 1 Feedback Events . | . . . . . Feedback Blocked . | . . . . . Robot Schematics Acquired . | . . . . . Robots Built . | . . . . . Authchips . | . . . . . Time . | . . . . . Total Robot Build Rating . | . . . . . Part Schematics Acquired 1 | . . . . 1 Parts Built . | . . . . . Authchips . | . . . . . Time . | . . . . . Total Part Build Rating . | . . . . . Part Studies Acquired 2 | . . . . 2 Parts Repaired 2 | . 1 . . 1 Time 77 | . 26 . . 51 Parts Recycled . | . . . . . Recycled Matter . | . . . . . Retrieved Matter . | . . . . . Retrieved Components 3 | . 3 . . . Parts Scanalyzed 1 | . . . . 1 Part Schematics Acquired 1 | . . . . 1 Parts Damaged . | . . . . . Bothacking | -11 -10 -9 -8 -7 ------------ Run | Yrd Mat Mat Mat Fac Used RIF Installer . | . . . . . Robots Hacked 1 | . . . 1 . Non-combat 1 | . . . 1 . Combat . | . . . . . Robot Hacks Applied 1 | . . . 1 . parse_system 1 | . . . 1 . Relay Couplers Released . | . . . . . Fabnet Peak Effective % . | . . . . . Robots Rewired . | . . . . . Allies Hacked . | . . . . . Hacks Repelled . | . . . . . Allies | -11 -10 -9 -8 -7 -------- Run | Yrd Mat Mat Mat Fac Total Allies . | . . . . . Largest Group . | . . . . . Highest-Rated Group . | . . . . . Highest-Rated Ally . | . . . . . Total Orders . | . . . . . Ally Attacks . | . . . . . Total Damage . | . . . . . Kills . | . . . . . Allies Corrupted . | . . . . . Allies Melted . | . . . . . Intel | -11 -10 -9 -8 -7 ------- Run | Yrd Mat Mat Mat Fac Active Infowar (turns) 2569 | . 292 473 1043 761 Optics 2265 | . . 461 1043 761 Sensors 2405 | . 292 473 947 693 Terrain 244 | . . . 39 205 Structural 548 | . . . 548 . ECM 161 | . . . 87 74 Robot Analysis Total . | . . . . . Derelict Logs Recovered . | . . . . . Drone Launches . | . . . . . Drone Recoveries . | . . . . . Exploration | -11 -10 -9 -8 -7 ------------- Run | Yrd Mat Mat Mat Fac Turns Passed 2890 | 104 509 473 1043 761 Spaces Moved 3340 | 85 354 285 1289 1327 Core 31 | 27 . . 4 . Treads . | . . . . . Legs 1131 | 58 354 285 434 . Wheels 11 | . . . . 11 Hover . | . . . . . Flight 2167 | . . . 851 1316 Fastest Speed 26 | 50 120 120 26 26 Average Speed 66 | 97 120 120 60 43 Slowest Speed 300 | 120 120 120 300 175 Overloaded Moves . | . . . . . Propulsion Burnouts . | . . . . . Robots Hopped 4 | . . . 1 3 Potential Cave-ins . | . . . . . Cave-ins Triggered . | . . . . . Exploration Rate (%) 25 | 6 32 20 44 27 Regions Visited 4 Branch Regions . Pre-discovered Areas . | . . . . . Known Exits Taken 3 | . 1 1 1 . Unknown Exits Taken 1 | 1 . . . . Scrap Searched . | . . . . . Spaces Dug . | . . . . . Terrain Destroyed 20 | . . . 14 6 Melee . | . . . . . Projectile 14 | . . . 14 . AOE 6 | . . . . 6 Terrain Rammed . | . . . . . Walls Destroyed . | . . . . . Machines Disabled . | . . . . . Actions | -11 -10 -9 -8 -7 --------- Run | Yrd Mat Mat Mat Fac Total 3758 | 97 413 373 1425 1450 Wait 123 | . 28 38 5 52 Move 3328 | 84 353 284 1286 1321 Hop 4 | . . . 1 3 Pick Up 34 | 2 8 6 12 6 Fast Attach 39 | 4 2 1 19 13 Attach 15 | 1 3 5 4 2 Detach 12 | . 2 3 5 2 Swap 5 | 1 . 1 2 1 Drop 43 | 1 3 7 22 10 Fire 134 | 3 13 23 60 35 Melee 1 | . . . 1 . Ram 7 | . . . 2 5 Kick 10 | 1 1 2 6 . Crush . | . . . . . Escape Stasis . | . . . . . Rewire 3 | . . 3 . . Trap . | . . . . . Miscellaneous . | . . . . . Route ------- -11/Scrapyard -10/Materials -9/Materials -8/Materials -7/Factory History --------- Turn | Location | Event 2 | -11/Scrapyard | Met Revision 17 78 | -11/Scrapyard | Discovered new exit (range 8) 105 | -11/Scrapyard | Entered Materials 316 | -10/Materials | Build established: Mutant 510 | -10/Materials | Discovered new exit (range 15) 595 | -10/Materials | Repaired Sensor Array 613 | -10/Materials | Identified exit to Materials 614 | -10/Materials | Entered another Materials area 614 | -9/Materials | Evolved 2 slots: Propulsion x1, Utility x1 897 | -9/Materials | Build established: Skirmisher 964 | -9/Materials | Discovered new exit (range 11) 1085 | -9/Materials | Identified exit to Materials 1087 | -9/Materials | Entered another Materials area 1087 | -8/Materials | Evolved 2 slots: Propulsion x1, Utility x1 2071 | -8/Materials | Discovered new exit (range 5) 2120 | -8/Materials | Build established: Scout 2130 | -8/Materials | Identified exit to Factory 2130 | -8/Materials | Entered Factory 2130 | -7/Factory | Evolved 2 slots: Utility x2 2466 | -7/Factory | Repaired Imp. EM Shotgun 2820 | -7/Factory | Core integrity fell below 50% 2863 | -7/Factory | Core integrity fell below 20% 2883 | -7/Factory | Lost 6 parts (1p4u1w) 2891 | -7/Factory | Destroyed by S-27 Virus with Autogun Last Messages --------------- Imp. Sensor Array destroyed. K-01 Serf cleans the Neutrino Reactor. Acquired Shield Generator. K-01 Serf cleans the Neutrino Reactor. K-01 Serf cleans the Fusion Modulator. Hacking Suite destroyed. K-01 Serf cleans the Fusion Modulator. K-01 Serf destroyed. Shield Generator destroyed. ECM Suite destroyed. S-27 Virus destroyed. Acquired Arm. Huge Wheel. Dropped Imp. VTOL Module. Acquired Arm. Huge Wheel. Acquired Field Laser. Slammed into R-06 Scavenger. Destabilizing: Core damaged (-14). [Achievement: Hey, That's Mine!] S-27 Virus suffers critical hit (Destroy). R-06 Scavenger collects Imp. VTOL Module. Map ----- +----------------------------------------------------+ | ?????????????????????????????????????????????????? | | ?????????????????????????????????????????????????? | | ?????????????????????????????????????????????????? | | ?????????????????????????????????????????????????? | | ?????????????????????????????????????????????????? | | ?????????????????????????????????????????????????? | | ?????????????????????????????????????????????????? | | ?????????????????????????????????????????????????? | | ?????????????????????????????????????????????????? | | ?????????????????????????????????????????????????? | | ?????????????????????????????????????????????????? | | ?????????????????????????#???????????????????????? | | ????????????????????????? ???????????????????????? | | ????????????????????????? ???????????????????????? | | ????????????????????????? ???????????????????????? | | ????????????????????????# #??????????????????????? | | ????????????????????????# #??????????????????????? | | ????????????????????????#r#??????????????????????? | | ????????????????????????# #??????????????????????? | | ????????????????????????# #??????????????????????? | | ????????????????????????# #??????????????????????? | | ????????????????????????# #??????????????????????? | | ????????????????????????# #??????????????????????? | | ????????????????????????# #??????????????????????? | | ?????????????############/##?????????????????????? | | ???????#?? # [ @ #?????????????????????? | | ???????# """" # == ss #?????????????????????? | | ???????# """" # ==r! [ #?????????????????????? | | ???????# """" % #! ss / ????????????????? | | ???????# """" #####/###########???????????????? | | ####???# """" #???#t #??????????????????????? | | #???# """" #???# #??????????????????????? | | " #???# #???# #??????????????????????? | | " #########+######### #??????????????????????? | | " !# #??????????????????????? | | " # #??????????????????????? | | " # * #??????????????????????? | | " + =%[ #??????????????????????? | | " # #??????????????????????? | | # ######### #??????????????????????? | | #### #???????# #??????????????????????? | | #???????# ???????????????????? | | ######### ???????????????????? | | """# # +??????????????????? | | ! Y"# """ # #??????????????????? | | ! = """# """ # " " " " #??????????????????? | | ! %! # """ # "^" " " #??????????????????? | | """ # # " " " " #??????????????????? | | """ # """ # " " " " #??????????????????? | | """ # """ # " " " " !#??????????????????? | +----------------------------------------------------+ Best States ------------- Heat Dissipation 34 Energy Generation 14 Energy Capacity 280 Matter Stores 300 Matter Capacity 300 Sight Range 20 Robot Scan Range 15 Terrain Scan Range 16 Terrain Scan Density 10 ECM Strength 1 Evasion (%) 64 Offensive Hacking 10 Item Schematics ----------------- Imp. Datajack | -7/Factory | Scanalyzed Robot Schematics ------------------ None Fabricated ------------ Nothing Repaired ---------- Sensor Array | 5% | -10/Materials Imp. EM Shotgun | 31% | -7/Factory Studied --------- Cesium-ion Thruster | -7/Factory | Hacked Imp. Datajack | -7/Factory | Hacked Alien Tech Used ----------------- None Achievements -------------- Bumper Bots DATA ERROR: Steam Global Achievement% Everything Is Under Control Hey, That's Mine! I Have A Map? I Spy Shopping List Well Done Challenges ------------ None Game ------ Seed TechRemoteCloak Manual? 0 Play Time 01:00:10 Cumulative 2.4 hours Start 2026.09.09 @ 23:27:23 End 2026.09.10 @ 00:31:11 Sessions 1 Manual Loads 0 Difficulty Rogue Special Mode None Game No. 2 Rogue 2 Adventurer 0 Explorer 0 Win Type - Total 0 Types 0/0/0/0/0/0/0/0/0/0 Lore% 1 Gallery% 5 Achievement% 6 Wizard Run 0 Options --------- Layout 1 ASCII 0 Keyboard 0 Movement Arrows Keybinds 0 Fullscreen 1 Font 24/Smallcaps Map View 50x35 Zoom Use 0% Tactical HUD 0 Map Filters NONE Filters NONE Steam 1 RUN: a4218dce-546c-411e-8ae4-335d5335a2aa